 Dungeon Crawl Stone Soup version 0.28-a0-1167-g616b1c6417 (webtiles) character file.

Game seed: 3594854629635357586

95 Ijustatesigmund the Chopper (level 4, -1/40 HPs)
             Began as a Hill Orc Gladiator on Dec 16, 2021.
             Slain by an adder (2 damage)
             ... on level 2 of the Dungeon.
             The game lasted 00:03:32 (1235 turns).

Ijustatesigmund the Chopper (Hill Orc Gladiator)    Turns: 1235, Time: 00:03:33

Health: -1/40      AC:  6    Str: 16    XL:     4   Next: 66%
Magic:  4/4        EV: 11    Int: 10    God:
Gold:   45         SH:  0    Dex: 12    Spells: 1/3 levels left

rFire   . . .      SeeInvis .   a - +0 war axe
rCold   . . .      Faith    .   (no shield)
rNeg    . . .      Spirit   .   b - +0 ring mail
rPois   .          Reflect  .   c - +0 helmet
rElec   .          Harm     .   (no cloak)
rCorr   .          Rampage  .   (no gloves)
Will    .....                   (no boots)
Stlth   +.........              (no amulet)
HPRegen 0.13/turn               (no ring)
MPRegen 0.09/turn               (no ring)

@: no status effects
A: no striking features
a: no special abilities


You were on level 2 of the Dungeon.
You visited 1 branch of the dungeon, and saw 2 of its levels.

You collected 45 gold pieces.

Inventory:

Hand Weapons
 a - a +0 war axe (weapon)
 j - a +2 mace of protection
Armour
 b - a +0 ring mail (worn)
 c - a +0 helmet (worn)
Jewellery
 h - a ring of poison resistance
 i - a ring of magical power
Wands
 g - a wand of polymorph (5)
Scrolls
 f - 4 scrolls of identify


   Skills:
 + Level 4.0 Fighting
 + Level 5.2 Axes
 - Level 1.7 Throwing
 + Level 1.3 Armour
 - Level 2.4 Dodging
 + Level 1.0 Translocations


You had one spell level left.
You knew the following spells:

 Your Spells              Type           Power      Damage    Failure   Level
a - Blink                 Tloc           4%         N/A       58%         2

Your spell library contained the following spells:

 Spells                   Type           Power      Damage    Failure   Level
 Lesser Beckoning         Tloc           2%         N/A       82%         3
 Manifold Assault         Tloc           2%         N/A       100%        5


Dungeon Overview and Level Annotations

Branches:
Dungeon (2/15)

Altars:

Annotations:
D:2 Crazy Yiuf, Terence


Message History

Okay, then.
Blink to where?
Press: ? - help, Dir - move target
As you read the scroll of blinking, it crumbles to dust.
Crazy Yiuf laughs, "Adder!"
Crazy Yiuf cries, "Proton!
Spliff aubergine water."
An adder comes into view.
The adder hisses angrily.
The adder bites you but does no damage.
Terence the Incautious comes into view.
He is wielding a +0 short sword.
Found a mace.
Terence shouts!
The adder bites you but does no damage.
Your extra speed is starting to run out.
Throw: 3 throwing nets
Press: ? - help, Q - select action, (/) - cycle Shift-Dir - straight line, f - adder
Aim: an adder (40% to hit)
You throw a throwing net.
The throwing net closely misses the adder.
Throw: 2 throwing nets
Press: ? - help, Q - select action, (/) - cycle Shift-Dir - straight line, f/p - adder
Aim: an adder (40% to hit)
You throw a throwing net.
The throwing net closely misses the adder.
The adder bites you but does no damage.
Throw: throwing net
Press: ? - help, Q - select action, (/) - cycle Shift-Dir - straight line, f/p - adder
Aim: an adder (40% to hit)
You throw a throwing net. The throwing net misses the adder.
The adder bites you.
* * * LOW HITPOINT WARNING * * *
You aren't carrying any potions.
You feel yourself slow down. The adder closely misses you.
Terence bares his teeth.
The adder barely misses you. The adder bites you.
* * * LOW HITPOINT WARNING * * *
The adder bites you.
You die...

*,* *, *##**,** **,
*..,,,,** **,*
*.#**,*,***,,*
********##*** *.#
*,**,,,*,*
*,,,,,,,,..,* *.#
*,**,***,*
,*,*******#.########.#
*,**,* *,* ***,####
#..........###.##,* *,*
* *#...#
***#.S@..<......#,***,*
#*#.*#.#
#.#######.....,,,,,*
.#.**#.# #.#
*,**..#,,,,,,
#.####.#######@###
**,**,.******
#.#........@.....#
**,*,*** *
..#.##.#########.#
*,,,,,*** * @...##.#
#.# *>*,*,*,***
...###.# #.#
*,*,,,,*,** .#.#*#.#
#.# *,***,***,,


You could see an adder.

Vanquished Creatures
  Jessica (D:2)
  An adder (D:2)
  A worm (D:2)
  A dart slug (D:2)
  6 ball pythons
  A bat (D:1)
  6 endoplasms
  5 giant cockroaches (D:1)
  4 goblins (D:1)
  4 hobgoblins
  7 jackals (D:1)
  2 kobolds (D:1)
  3 quokkas
  A frilled lizard (D:1)
  4 rats
47 creatures vanquished.

Notes
Turn   | Place    | Note
-------+----------+-------------------------------------------
     0 | D:1      | Ijustatesigmund the Hill Orc Gladiator began the quest for
                  | the Orb.
     0 | D:1      | Reached XP level 1. HP: 18/18 MP: 1/1
   115 | D:1      | Reached XP level 2. HP: 25/25 MP: 2/2
   288 | D:1      | Reached XP level 3. HP: 30/31 MP: 3/3
   398 | D:1      | Learned a level 2 spell: Blink
   765 | D:1      | Reached skill level 5 in Axes
   921 | D:2      | Noticed Jessica
   931 | D:2      | Killed Jessica
   932 | D:2      | Reached skill level 1 in Armour
   932 | D:2      | Reached XP level 4. HP: 40/40 MP: 4/4
  1047 | D:2      | Reached skill level 1 in Translocations
  1176 | D:2      | Found a runed translucent door.
  1177 | D:2      | Noticed Crazy Yiuf
  1188 | D:2      | HP: 1/40 [Crazy Yiuf (9)]
  1211 | D:2      | Noticed Terence
  1218 | D:2      | HP: 2/40 [adder (1)]
  1231 | D:2      | HP: 1/40 [adder (3)]
  1235 | D:2      | Slain by an adder

Illustrated notes

Levels and vault maps discovered:
D:1:      moated_graveyard_arrival, layout_rooms
D:2:      layout_loops_ring, ebering_ecumenical_altar_ruins,
          uniq_crazy_yiuf_cottage, uniq_jessica, uniq_terence

Skill      XL: |  1  2  3  4 |
---------------+-------------+-----
Fighting       | 3 4 |  4.0
Axes           | 5 |  5.2
Armour         | 1 |  1.3
Translocations | 1 |  1.0
Throwing       | |  1.7
Dodging        | |  2.4

Action                   |  1- 3 |  4- 6 || total
-------------------------+-------+-------++-------
Melee: War axe           |   116 |    29 ||   145
       Unarmed           |     3 |       ||     3
Throw: Throwing net      |       |     3 ||     3
  Use: Scroll            |     3 |     1 ||     4
Armor: Leather armour    |     4 |       ||     4
       Ring mail         |    49 |    10 ||    59
Dodge: Dodged            |    88 |    16 ||   104

Table legend: (Time is in decaauts)
 A = Elapsed time spent in this place.
 B = Non-inter-level travel time spent in this place.
 C = Inter-level travel time spent in this place.
 D = Time resting spent in this place.
 E = Time spent auto-exploring this place.
 F = Levels seen in this place.
 G = Mean time per level.
                   A        B        C        D        E       F      G
               +--------+--------+--------+--------+--------+-----+--------+
         Total |   1259 |   1259 |      0 |     13 |    884 |   2 |  629.5 |
       Dungeon |   1259 |   1259 |      0 |     13 |    884 |   2 |  629.5 |
               +--------+--------+--------+--------+--------+-----+--------+

Top non-repeatable levels by time:
     D:1: 916 daAuts
     D:2: 342 daAuts
